 Dungeon Crawl Stone Soup version 0.21-a0-94-gdd6ab6a (webtiles) character file.

507 Ordine the Cudgeler (level 7, -2/41 HPs)
             Began as a Gargoyle Fighter on July 3, 2017.
             Was an Initiate of Okawaru.
             Slain by an ogre
             ... wielding a +0 giant club
              (18 damage)
             ... on level 5 of the Dungeon.
             The game lasted 00:07:40 (3420 turns).

Ordine the Cudgeler (Gargoyle Fighter)              Turns: 3420, Time: 00:07:41

Health: -2/41      AC: 15    Str: 19    XL:     7   Next: 18%
Magic:  7/7        EV: 10    Int:  9    God:    Okawaru [......]
Gold:   283        SH: 10    Dex: 11    Spells: 6/6 levels left

rFire    . . .     SeeInvis .   a - +1 flail
rCold    . . .     Gourm    .   c - +0 shield
rNeg     + . .     Faith    .   b - +0 scale mail
rPois    ∞         Spirit   .   (no helmet)
rElec    +         Reflect  .   r - +0 cloak
rCorr    .         Harm     .   q - +2 pair of gloves
MR       +....                  (no boots)
Stlth    ..........             (no amulet)
HPRegen  0.13/turn              h - ring of protection from magic
MPRegen  0.10/turn              n - +3 ring of evasion

@: no status effects
A: negative energy resistance 1, electricity resistance, unbreathing,
petrification resistance, rot immunity, AC +4
a: Renounce Religion


You were on level 5 of the Dungeon.
You worshipped Okawaru.
Okawaru was noncommittal.
You were hungry.

You visited 2 branches of the dungeon, and saw 6 of its levels.

You collected 283 gold pieces.

Inventory:

Hand Weapons
 a - a +1 flail (weapon)
Armour
 b - a +0 scale mail (worn)
 c - a +0 shield (worn)
 q - a +2 pair of gloves (worn)
 r - a +0 cloak (worn)
Jewellery
 h - a ring of protection from magic (left hand)
 n - a +3 ring of evasion (right hand)
 v - a +5 ring of intelligence {unknown}
 w - an uncursed ring of resist corrosion {unknown}
Wands
 u - a wand of digging (13/24)
Scrolls
 i - 2 scrolls of fear
 j - a scroll of teleportation
 p - 2 scrolls of fog
 t - a scroll of magic mapping
Potions
 e - a potion of curing
 g - a potion of mutation {unknown}
 k - a potion of ambrosia {unknown}
 m - 2 potions of lignification {unknown}
 o - 3 potions of berserk rage {unknown}
 s - a potion of heal wounds {unknown}
Comestibles
 d - 3 chunks of flesh
 f - a bread ration
 l - 3 royal jellies


   Skills:
 - Level 3.2 Fighting
 * Level 6.3 Maces & Flails
 - Level 3.2 Armour
 + Level 5.6 Shields


You had 6 spell levels left.
You didn't know any spells.

Dungeon Overview and Level Annotations

Branches:
Dungeon (5/15)             Temple (1/1) D:4

Altars:
Cheibriados
Elyvilon
Fedhas
Gozag
Hepliaklqana
Kikubaaqudgha
Makhleb
Nemelex Xobeh
Okawaru
Qazlal
Ru
Sif Muna
Trog
Uskayaw
Vehumet
Wu Jian
Xom
Yredelemnul
The Shining One


Innate Abilities, Weirdness & Mutations

You are resistant to torment.
Your stone body is resilient. (AC +4)
You are immune to poison.
You resist negative energy. (rN+)
You are resistant to electric shocks. (rElec)
You can survive without breathing.
You are immune to petrification.
You are immune to rotting.


Message History

Moving in this stuff is going to be slow.
You hit the ogre but do no damage. The ogre hits you with a giant club!
You hit the ogre.
The ogre is lightly wounded.
The ogre barely misses you.
You thump the ogre!
The ogre is heavily wounded.
The ogre hits you with a giant club!
* * * LOW HITPOINT WARNING * * *
You are too injured to fight recklessly!
You are too injured to fight recklessly!
You are too injured to fight recklessly!
You feel better. You block the ogre's attack.
You hit the ogre.
The ogre is severely wounded.
You sock the ogre!
The ogre is almost dead.
You are feeling hungry.
The ogre hits you with a giant club!!
You die...

≈≈≈≈≈P≈≈♣##...###..###
≈≈≈≈≈P≈≈≈.#...###..#########+##
≈≈≈≈≈≈♣♣..#........+...........
≈≈≈≈≈≈≈≈..#........#...........
P≈≈≈≈♣♣≈..#........#...).......
≈P≈≈≈≈≈♣..######..###.##..####.
P≈≈P≈♣♣'#####.##..###.##..##
≈≈≈P≈♣≈.............(........
≈≈≈P≈≈.........O@..(.........
≈♣≈≈♣#.....##.....(........>...
≈P≈ #.....##..................
♣≈ +.....#................... ≈
#.....##...####.###..###
#.....##...# ### ..#
#.....##.... .# #...........# #
.....


You could see an ogre.

Vanquished Creatures
  The ghost of Ordine the Cudgeler, an amateur GrFi (D:5)
  A howler monkey (D:3)
  A hound (D:5)
  A quasit (D:5)
  A crimson imp (D:5)
  Crazy Yiuf (D:3)
  An iguana (D:4)
  2 worker ants (D:4)
  4 adders
  An ooze (D:3)
  5 worms
  2 dart slugs
  A leopard gecko (D:2)
  An orc (D:5)
  3 bats
  3 giant cockroaches (D:1)
  8 hobgoblins
  A ball python (D:1)
  5 frilled lizards
  4 goblins
  8 kobolds
  A leopard gecko skeleton (D:5)
  8 rats
64 creatures vanquished.

Notes
Turn   | Place    | Note
-------+----------+-------------------------------------------
     0 | D:1      | Ordine the Gargoyle Fighter began the quest for the Orb.
     0 | D:1      | Reached XP level 1. HP: 14/14 MP: 1/1
   153 | D:1      | Reached XP level 2. HP: 11/19 MP: 2/2
   335 | D:1      | Reached XP level 3. HP: 23/23 MP: 3/3
   527 | D:1      | Reached skill level 3 in Maces & Flails
  1423 | D:3      | Reached XP level 4. HP: 27/28 MP: 4/4
  1556 | D:3      | Found a glowing golden altar of the Shining One.
  1634 | D:3      | Reached skill level 4 in Maces & Flails
  1812 | D:3      | Reached XP level 5. HP: 32/32 MP: 5/5
  1980 | D:3      | Found a runed door.
  1984 | D:3      | Noticed Crazy Yiuf
  1989 | D:3      | Killed Crazy Yiuf
  2363 | D:4      | Found a staircase to the Ecumenical Temple.
  2372 | Temple   | Entered the Ecumenical Temple
  2411 | Temple   | Became a worshipper of Warmaster Okawaru
  2869 | D:4      | Reached skill level 5 in Maces & Flails
  2869 | D:4      | Reached skill level 5 in Shields
  2869 | D:4      | Reached XP level 6. HP: 32/37 MP: 6/6
  3222 | D:5      | Entered Level 5 of the Dungeon
  3257 | D:5      | Noticed Ordine's ghost (amateur GrFi)
  3266 | D:5      | Killed Ordine's ghost
  3310 | D:5      | Reached skill level 6 in Maces & Flails
  3310 | D:5      | Reached XP level 7. HP: 40/41 MP: 7/7
  3420 | D:5      | Slain by an ogre

Vault maps used:
D:1:      sevenhm_arrival_forest_fort_large_2
D:3:      tso_altar, uniq_crazy_yiuf_cottage
D:4:      temple_green
D:5:      gammafunk_temple_overflow_elements, first_bread, serial_bayou_lake_a
Temple:   dpeg_five_rooms_temple

Skill      XL: |  1  2  3  4  5  6 |
---------------+-------------------+-----
Maces & Flails | 3 4 5 6 |  6.3
Shields        | 4 5 |  5.6
Fighting       | |  3.2
Armour         | |  3.2

Action                   |  1- 3 |  4- 6 |  7- 9 || total
-------------------------+-------+-------+-------++-------
Melee: Flail             |   150 |   109 |    22 ||   281
  Use: Scroll            |     6 |     4 |       ||    10
       Potion            |       |     1 |     1 ||     2
  Eat: Chunk             |     2 |     6 |       ||     8
Armor: Scale mail        |    58 |    44 |    13 ||   115
Dodge: Dodged            |    38 |    36 |    20 ||    94
Block: Shield            |    74 |    38 |    18 ||   130
